Map: Dusty Gorge

Players

bcDCeption

  • Race: Protoss Protoss
  • League: Diamond
  • Spawn Location: 11:00

GenReznet

  • Race: Protoss Protoss
  • League: Platinum
  • Spawn Location: 9:00

OpuS - Winner!

  • Race: Protoss Protoss
  • League: Platinum
  • Spawn Location: 5:00

Sketchaphone - Winner!

  • Race: Zerg Zerg
  • League: Platinum
  • Spawn Location: 3:00

VOD

Have the link to the VOD?

Description

Time

  • Played on: Feb. 11, 2019, 9:38 p.m.
  • Length: 21:25
Show
View Real Time Build Order
Export as new Build Order

bcDCeption Protoss 

Build Orders: 1 Gate Expand 

Get SALT Encoding   

  12  0:00  Probe  
  13  0:13  Probe  
  14  0:23  Pylon  
  14  0:25  Probe  
  15  0:41  Probe, Gateway  
  16  0:50  Probe  
  17  0:58  Probe  
  18  1:20  Nexus  
  18  1:24  Probe  
  19  1:36  Cybernetics Core  
  19  1:40  Assimilator  
  19  1:41  Probe  
  20  1:49  Assimilator  
  20  1:55  Pylon  
  20  1:58  Probe  
  21  2:11  Gateway  
  21  2:12  Warp Gate  
  21  2:15  Probe  
  22  2:23  Probe  
  23  2:31  Probe x2  
  25  2:39  Assimilator  
  25  2:42  Probe  
  25  2:44  Assimilator  
  25  2:46  Probe  
  27  3:00  Robotics Facility  
  27  3:02  Probe x2  
  29  3:12  Stalker  
  31  3:14  Probe x2  
  31  3:19  Stalker  
  35  3:29  Pylon  
  35  3:30  Probe  
  35  3:31  Probe  
  37  3:39  Pylon  
  37  3:42  Probe  
  37  3:45  Immortal  
  42  4:03  Shield Battery, Probe x2  
  42  4:06  Shield Battery  
  43  4:13  Sentry x2  
  43  4:17  Probe x2  
  49  4:25  Probe x2  
  49  4:28  Warp Prism  
  53  4:33  Probe  
  53  4:36  Sentry  
  53  4:37  Sentry  
  58  4:54  Probe  
  58  4:55  Robotics Bay  
  58  4:57  Probe  
  60  5:02  Probe  
  61  5:09  Probe  
  49  5:42  Extended Thermal Lance  
  60  5:51  Pylon  
  60  5:54  Pylon  
  60  5:56  Pylon  
  60  5:59  Robotics Facility  
  60  6:03  Immortal  
  64  6:12  Nexus  
  64  6:16  Assimilator  
  64  6:20  Assimilator  
  64  6:21  Pylon  
  64  6:25  Pylon  
  62  6:35  Colossus  
  62  6:37  Forge  
  62  6:38  Forge  
  62  6:39  Colossus  
  62  6:41  Pylon  
  62  6:43  Pylon  
  62  6:44  Gateway  
  62  6:46  Gateway  
  62  6:49  Gateway  
  74  6:56  Shield Battery  
  74  7:01  Shield Battery  
  74  7:06  Protoss Ground Weapons Level 1, Protoss Ground Armor Level 1  
  74  7:10  Photon Cannon  
  74  7:16  Probe x2, Photon Cannon  
  76  7:28  Probe x2  
  78  7:40  Probe x2  
  78  7:41  Colossus  
  79  7:51  Colossus  
  77  7:52  Probe x2  
  77  7:56  Zealot x3  
  77  7:57  Zealot  
  99  8:02  Pylon  
  99  8:04  Probe  
  100  8:11  Probe x2  
  102  8:12  Pylon  
  102  8:16  Probe  
  103  8:20  Twilight Council  
  103  8:22  Gravitic Drive  
  103  8:23  Probe x2  
  105  8:28  Probe  
  105  8:33  Photon Cannon  
  106  8:34  Shield Battery, Photon Cannon  
  106  8:37  Probe x2  
  108  8:45  Stalker x2  
  108  8:47  Warp Prism  
  114  9:07  Stalker x3  
  120  9:13  Protoss Ground Weapons Level 2  
  120  9:14  Protoss Ground Armor Level 2  
  120  9:16  Charge  
  120  9:20  Immortal  
  100  9:48  Immortal  
  100  9:50  Immortal  
  89  10:12  Zealot  
  89  10:13  Zealot x4  
  99  10:40  Stalker  
  101  10:48  Pylon  
  101  10:50  Pylon  
  101  10:52  Pylon  
  101  10:54  Pylon  
  101  10:55  Pylon  
  101  10:56  Blink  
  101  10:57  Pylon  
  101  11:07  Immortal x2  
  101  11:08  Sentry x2  
  101  11:09  Sentry x2  
  117  11:18  Zealot  
  119  11:27  Photon Cannon  
  119  11:40  Stalker x3  
  119  11:41  Stalker  
  119  11:46  Observer  
  124  11:54  Nexus  
  82  12:23  Zealot x4  
  82  12:24  Zealot  
  70  12:47  Colossus x2  
  70  12:49  Zealot x5  
  92  13:15  Pylon  
  92  13:17  Pylon  
  92  13:19  Sentry, Assimilator  
  94  13:20  Sentry  
  78  13:41  Immortal  
  78  13:43  Stalker x3  
  72  14:10  Stalker x2  
  72  14:14  Zealot x3  
  71  14:17  Colossus  
  65  14:26  Observer  
  66  14:41  Zealot, Observer  
  66  14:42  Zealot  
  66  14:43  Sentry  
  69  15:16  Nexus  
  69  15:17  Pylon  
  69  15:19  Colossus, Assimilator  
  75  15:23  Assimilator  
  76  15:42  Probe  
  76  15:43  Probe  
  77  15:50  Photon Cannon  
  77  15:55  Probe  
  71  16:26  Probe x2  
  73  16:38  Probe x2  
  75  16:50  Sentry x3, Probe x2  
  75  16:51  Sentry  
  85  17:02  Probe  
  85  17:03  Probe  
  87  17:14  Probe  
  56  17:43  Zealot x4  
  56  17:44  Zealot  
  49  18:08  Nexus  
  49  18:23  Sentry x5  
  59  18:52  Stalker  
  55  19:06  Sentry  
  39  19:49  Stalker  
  25  20:37  Zealot  
Show
View Real Time Build Order
Export as new Build Order

GenReznet Protoss 

Build Orders: Oracle Opening 

Get SALT Encoding   

  12  0:00  Probe  
  13  0:13  Probe  
  14  0:18  Pylon  
  14  0:26  Probe  
  15  0:37  Gateway  
  15  0:39  Probe  
  16  0:47  Probe  
  17  0:59  Probe  
  18  1:05  Assimilator  
  18  1:11  Pylon  
  18  1:14  Probe  
  19  1:21  Assimilator  
  19  1:22  Probe  
  19  1:30  Cybernetics Core  
  19  1:32  Probe  
  21  1:40  Zealot  
  21  1:44  Probe  
  24  1:56  Probe  
  25  2:08  Stalker, Pylon, Probe  
  28  2:29  Stargate  
  28  2:36  Probe  
  29  2:40  Warp Gate  
  29  2:48  Probe  
  30  3:00  Probe  
  30  3:01  Gateway  
  30  3:02  Oracle  
  30  3:04  Gateway  
  31  3:06  Pylon  
  34  3:27  Nexus  
  34  3:39  Oracle  
  37  4:20  Pylon  
  37  4:22  Pylon  
  37  4:55  Stalker x2  
  37  4:56  Zealot  
  37  4:59  Probe  
  43  5:05  Twilight Council  
  43  5:07  Probe x2  
  46  5:17  Probe  
  46  5:19  Probe  
  46  5:20  Zealot x3  
  50  5:26  Charge  
  50  5:29  Probe  
  50  5:31  Probe  
  47  5:39  Probe  
  41  5:43  Probe  
  41  5:47  Probe  
  41  5:48  Zealot x3  
  48  5:55  Probe  
  50  5:57  Probe  
  51  6:21  Zealot x3  
  57  6:33  Pylon  
  57  6:34  Pylon  
  57  6:41  Probe  
  57  6:45  Probe  
  59  6:48  Assimilator  
  59  6:49  Probe  
  59  6:53  Gateway  
  60  6:54  Zealot x3  
  60  6:55  Gateway  
  60  6:57  Probe  
  60  7:00  Forge  
  67  7:09  Probe  
  68  7:29  Protoss Ground Weapons Level 1  
  68  7:34  Zealot  
  68  7:35  Zealot x2  
  74  7:38  Twilight Council  
  71  7:54  Gateway  
  71  7:56  Gateway  
  75  8:11  Probe  
  75  8:12  Forge  
  75  8:15  Probe  
  75  8:19  Probe  
  77  8:23  Assimilator  
  74  8:27  Probe  
  74  8:28  Zealot x3  
  81  8:41  Pylon  
  81  8:43  Pylon  
  81  8:48  Templar Archives  
  81  8:49  Nexus  
  81  8:52  Protoss Ground Armor Level 1  
  81  9:00  Pylon  
  81  9:01  Pylon x2  
  81  9:03  Pylon x2  
  81  9:06  Assimilator  
  81  9:07  Pylon  
  81  9:11  Assimilator  
  80  9:33  Protoss Ground Weapons Level 2  
  80  9:36  High Templar x3  
  69  10:03  Pylon  
  69  10:04  Zealot x4, Psionic Storm  
  69  10:06  Pylon  
  67  10:37  Robotics Facility  
  67  10:43  Zealot x2  
  67  10:44  Zealot x5  
  81  11:11  High Templar  
  81  11:14  Probe  
  84  11:22  Probe  
  84  11:26  Photon Cannon x2  
  84  11:27  Photon Cannon  
  84  11:29  Photon Cannon  
  84  11:30  Warp Prism  
  84  11:32  High Templar  
  89  11:33  Zealot  
  89  11:34  Zealot x4  
  99  11:49  Nexus  
  99  12:06  Zealot x5  
  99  12:07  Zealot x2  
  87  12:44  Zealot x6  
  87  12:45  Zealot  
  99  13:04  Zealot x2  
  99  13:05  Zealot x5  
  109  13:11  Protoss Ground Weapons Level 3, Protoss Ground Armor Level 2  
  42  14:02  High Templar  
  42  14:03  High Templar x6  
  56  14:12  Immortal  
  56  14:15  Archon x2  
  56  14:16  Archon  
  60  14:36  Zealot  
  60  14:37  Zealot x2  
  60  14:38  Zealot x4  
  74  14:48  Probe  
  74  14:51  Observer  
  76  15:00  Probe  
  76  15:06  High Templar x2  
  81  15:13  Probe  
  82  15:20  Photon Cannon  
  82  15:22  High Templar x3, Photon Cannon x2  
  82  15:23  High Templar x2  
  82  15:24  Photon Cannon  
  82  15:25  Probe  
  93  15:35  Probe  
  93  15:40  Assimilator  
  94  15:43  Probe  
  94  15:44  Assimilator  
  95  15:52  Zealot x2  
  98  16:22  High Templar x4, Probe  
  98  16:23  High Templar  
  108  16:30  Probe  
  109  16:37  Nexus  
  110  16:40  Pylon  
  110  16:51  Observer  
  111  16:56  High Templar x2  
  111  16:57  High Templar  
  117  17:08  Archon  
  117  17:09  Zealot x2  
  117  17:10  Zealot x2  
  125  17:18  Probe  
  126  17:30  Probe  
  121  17:42  Probe  
  90  17:54  Probe  
  83  18:03  Zealot x2  
  83  18:04  Zealot x5  
  90  18:24  Zealot x4  
  90  18:25  Zealot  
  94  19:12  High Templar x3  
  94  19:13  High Templar x4  
  94  19:16  Archon x2  
  108  19:17  Archon  
  86  19:51  Archon x2  
  86  19:52  Archon x2  
  78  19:57  Stalker x5  
  78  19:58  Stalker x2  
  76  20:38  Zealot x2  
  76  20:39  Stalker x2, Zealot  
  76  20:40  Stalker x2  
  76  21:11  High Templar x3  
Show
View Real Time Build Order
Export as new Build Order

OpuS Protoss - Winner!

Build Orders:  

Get SALT Encoding   

  12  0:02  Probe  
  13  0:15  Probe  
  13  0:21  Pylon  
  14  0:27  Probe  
  15  0:36  Probe  
  16  0:44  Gateway  
  16  0:48  Probe  
  16  0:51  Assimilator  
  17  1:00  Probe  
  18  1:08  Probe  
  18  1:09  Gateway  
  18  1:16  Probe  
  20  1:26  Probe  
  20  1:32  Cybernetics Core  
  21  1:35  Pylon  
  21  1:45  Probe  
  22  1:49  Assimilator  
  22  1:50  Pylon  
  22  2:15  Stalker  
  22  2:16  Stalker  
  26  2:23  Probe  
  27  2:31  Probe  
  28  2:38  Nexus  
  27  2:49  Pylon  
  27  3:01  Warp Gate  
  27  3:03  Stalker  
  27  3:05  Stalker  
  31  3:20  Robotics Facility  
  31  3:21  Probe  
  32  3:31  Twilight Council  
  32  3:40  Stalker  
  29  4:02  Blink  
  29  4:04  Shield Battery  
  29  4:08  Probe x2  
  31  4:32  Probe x2  
  31  4:36  Pylon  
  31  4:48  Probe x2  
  31  4:49  Stalker  
  35  4:53  Stalker  
  35  5:13  Probe x2  
  29  5:29  Probe x2  
  29  5:31  Shield Battery  
  31  5:37  Stalker x2  
  35  5:44  Gateway  
  35  5:49  Gateway  
  35  5:52  Probe  
  35  5:56  Probe  
  37  6:06  Stalker  
  37  6:09  Stalker  
  41  6:32  Stalker x2  
  45  6:35  Forge  
  45  6:36  Probe x2  
  47  6:45  Charge  
  47  6:52  Immortal  
  51  6:55  Probe  
  51  7:00  Probe  
  53  7:11  Probe  
  53  7:12  Probe  
  53  7:13  Stalker x2  
  59  7:18  Protoss Ground Weapons Level 1  
  59  7:23  Probe  
  59  7:24  Probe  
  61  7:36  Probe x2  
  63  7:51  Zealot x2  
  63  7:52  Zealot  
  63  7:56  Pylon  
  69  8:00  Pylon  
  69  8:06  Gateway  
  69  8:08  Gateway  
  69  8:14  Zealot  
  69  8:15  Zealot x3  
  69  8:16  Probe  
  69  8:18  Probe  
  79  8:20  Pylon  
  79  8:22  Pylon  
  79  8:37  Immortal  
  83  8:43  Probe x2  
  83  8:46  Zealot x3  
  83  8:48  Zealot  
  93  8:55  Pylon  
  93  8:57  Assimilator  
  93  9:02  Assimilator  
  93  9:04  Templar Archives  
  93  9:15  Protoss Ground Weapons Level 2  
  93  9:21  Gateway  
  93  9:22  Gateway  
  87  9:43  Probe x2  
  89  9:53  Stalker x6  
  87  10:20  Zealot x3  
  87  10:21  Zealot x4  
  101  10:34  Immortal  
  105  10:48  Dark Shrine  
  105  10:54  High Templar x2  
  109  10:58  Pylon  
  109  11:02  Pylon, Archon  
  109  11:05  Pylon  
  109  11:07  Immortal  
  113  11:20  Pylon  
  113  11:22  Pylon  
  113  11:28  Protoss Ground Weapons Level 3  
  113  11:42  Nexus, High Templar x2  
  113  11:46  Archon  
  117  11:54  Pylon  
  91  12:18  Immortal  
  75  12:27  Zealot x3  
  75  12:28  Zealot x2  
  65  12:42  High Templar x3  
  71  12:54  Probe x2  
  71  12:55  High Templar x2, Probe  
  71  12:56  High Templar  
  71  12:57  Immortal  
  71  12:58  Archon  
  84  12:59  Archon  
  84  13:00  Archon  
  82  13:07  Zealot  
  82  13:08  Zealot  
  84  13:23  Dark Templar x2  
  84  13:24  Zealot  
  84  13:27  Probe x2  
  84  13:28  Probe  
  84  13:29  Zealot x4  
  84  13:32  Zealot  
  77  13:57  Dark Templar x2  
  77  13:58  Probe x2  
  77  13:59  Probe  
  77  14:01  Assimilator  
  84  14:05  Assimilator  
  84  14:10  Probe x2  
  84  14:11  Probe  
  87  14:30  Dark Templar x2  
  87  14:31  Dark Templar  
  89  14:32  Probe x3  
  92  14:44  Probe x3  
  95  14:53  Zealot x4  
  95  14:54  Zealot  
  95  14:56  Probe x3  
  108  15:03  Immortal  
  112  15:08  Probe x2  
  114  15:18  High Templar x2  
  114  15:19  Zealot x2  
  122  15:22  Archon  
  122  15:35  Protoss Ground Armor Level 1  
  122  15:38  Nexus  
  122  15:42  Immortal  
  126  15:46  Robotics Facility  
  126  15:53  Gateway  
  126  15:54  Gateway  
  126  16:06  Pylon  
  126  16:12  Zealot x4  
  134  16:21  Immortal  
  138  16:31  Zealot x3  
  144  16:33  Zealot  
  146  16:40  High Templar x2  
  146  16:41  High Templar x2  
  146  16:44  Archon x2  
  146  16:45  Archon x2  
  154  16:47  Forge  
  154  16:51  Probe  
  154  16:52  Probe x3  
  158  17:01  Immortal  
  162  17:02  Immortal  
  162  17:07  Archon  
  166  17:13  Zealot  
  166  17:14  Zealot x3  
  153  17:42  Protoss Ground Armor Level 2  
  137  17:47  Zealot x5  
  137  17:48  Zealot x4  
  137  17:49  Zealot  
  134  17:52  Immortal x2  
  134  17:53  Protoss Shields Level 1  
  134  17:58  Probe x3  
  119  18:08  Assimilator  
  119  18:12  Pylon, Assimilator  
  115  18:32  Gateway  
  109  18:34  Gateway  
  99  18:44  Zealot x3  
  99  18:45  Zealot x6  
  99  18:46  Zealot  
  119  19:09  Gateway  
  119  19:11  Gateway  
  119  19:13  Immortal x2  
  119  19:15  Zealot x2  
  119  19:16  Zealot x3  
  119  19:17  Gateway  
  137  19:18  Gateway  
  99  19:43  Zealot x3  
  99  19:44  Zealot x5  
  99  19:45  Zealot x3  
  119  19:55  Immortal  
  119  19:56  Immortal  
  127  20:21  Nexus  
  103  20:41  Zealot x2  
  103  20:42  Zealot x6  
  117  20:43  Zealot  
  121  20:59  Pylon  
  121  21:02  High Templar x6, Assimilator  
  121  21:03  High Templar x3  
  139  21:06  Assimilator  
  139  21:07  Archon x4  
  139  21:19  Zealot  
  139  21:20  Zealot x4  
Show
View Real Time Build Order
Export as new Build Order

Sketchaphone Zerg - Winner!

Build Orders: Hatch First 

Get SALT Encoding   

  12  0:01  Drone  
  13  0:12  Overlord  
  13  0:18  Drone  
  14  0:23  Extractor  
  14  0:24  Drone  
  15  0:35  Drone  
  15  0:36  Drone  
  17  0:57  Hatchery  
  17  1:01  Drone  
  17  1:03  Extractor  
  16  1:09  Overlord  
  16  1:12  Drone  
  16  1:17  Drone  
  18  1:32  Spawning Pool  
  17  1:34  Drone  
  18  1:42  Drone  
  19  1:51  Drone  
  20  2:04  Drone  
  21  2:14  Evolution Chamber  
  20  2:16  Drone  
  20  2:17  Drone  
  20  2:19  Queen  
  20  2:22  Queen  
  26  2:23  Drone  
  26  2:25  Drone  
  28  2:30  Overlord  
  28  2:33  Drone  
  29  2:43  Zerg Ground Armor Level 1  
  29  2:46  Drone  
  29  2:47  Drone  
  31  2:57  Drone  
  32  2:59  Drone  
  32  3:03  Roach Warren  
  33  3:05  Drone  
  33  3:06  Drone  
  34  3:13  Overlord  
  34  3:17  Drone  
  35  3:26  Overlord  
  35  3:31  Zergling x2  
  36  3:44  Roach  
  36  3:45  Roach x3  
  44  3:58  Drone  
  44  3:59  Drone x3  
  48  4:16  Roach x6  
  60  4:18  Overlord  
  60  4:35  Overlord  
  60  4:36  Overlord  
  60  4:37  Roach x3  
  66  4:43  Roach  
  68  4:48  Overlord  
  68  4:51  Overlord  
  68  4:53  Roach x2, Hatchery  
  71  5:06  Overlord  
  73  5:07  Roach  
  73  5:08  Zergling x6  
  72  5:39  Drone x8  
  72  5:42  Metabolic Boost  
  66  5:52  Drone x2  
  66  5:53  Extractor  
  66  5:55  Extractor  
  66  5:56  Extractor  
  65  6:01  Hatchery  
  64  6:08  Queen  
  66  6:12  Drone x5  
  66  6:18  Drone  
  70  6:24  Evolution Chamber  
  69  6:28  Roach  
  69  6:29  Roach x5  
  69  6:30  Ravager  
  82  6:34  Overlord, Zergling x2  
  82  6:35  Zergling x2  
  84  6:46  Ravager  
  87  6:47  Roach x3  
  87  6:48  Overlord  
  87  6:52  Zerg Missile Weapons Level 1  
  91  7:09  Lair  
  91  7:16  Overlord  
  91  7:21  Roach x8  
  105  7:28  Queen  
  105  7:29  Drone x8  
  115  7:36  Roach x4  
  116  7:52  Roach x4  
  116  7:56  Roach x2  
  116  7:57  Roach  
  130  7:58  Roach  
  130  7:59  Roach x2  
  136  8:13  Spore Crawler  
  136  8:16  Overlord x3  
  136  8:17  Drone  
  136  8:21  Zerg Ground Armor Level 2  
  136  8:23  Hydralisk Den  
  136  8:26  Drone x2, Extractor  
  136  8:28  Extractor  
  136  8:34  Queen, Ravager  
  138  8:42  Pneumatized Carapace  
  138  8:48  Queen  
  138  8:49  Overlord  
  140  9:13  Zergling x32  
  156  9:19  Overlord  
  156  9:22  Grooved Spines  
  156  9:23  Zerg Missile Weapons Level 2  
  155  9:33  Glial Reconstitution  
  124  9:59  Zergling x18  
  105  10:00  Zergling x8  
  105  10:03  Zergling x8  
  105  10:04  Overseer  
  101  10:13  Lurker Den, Drone x2  
  101  10:14  Drone  
  93  10:32  Roach x8  
  93  10:35  Roach  
  88  10:51  Tunneling Claws  
  88  10:56  Roach x10  
  105  11:01  Hydralisk  
  96  11:05  Hydralisk x2  
  82  11:28  Roach x6  
  82  11:32  Ravager x2  
  95  11:33  Ravager x3  
  95  11:36  Roach x4  
  95  11:38  Muscular Augments  
  106  11:41  Zerg Melee Weapons Level 1  
  106  11:45  Infestation Pit  
  99  11:52  Roach x2  
  99  11:54  Roach  
  99  11:55  Roach x5  
  111  12:02  Roach  
  111  12:03  Roach  
  113  12:11  Burrow  
  113  12:12  Roach x2  
  95  12:31  Roach x5  
  95  12:43  Roach  
  95  12:44  Roach x3  
  101  12:45  Roach  
  101  12:46  Ravager  
  101  12:49  Roach  
  106  13:11  Roach  
  106  13:12  Roach x3  
  114  13:15  Hydralisk  
  116  13:20  Hydralisk  
  81  13:43  Roach x6  
  80  13:55  Hydralisk x2  
  76  13:58  Overseer  
  72  14:21  Drone  
  63  14:45  Hydralisk x4  
  63  14:46  Hatchery  
  63  14:50  Neural Parasite  
  70  14:57  Roach  
  70  14:58  Roach  
  74  15:07  Roach x3  
  74  15:08  Roach  
  74  15:09  Roach  
  64  15:29  Hydralisk x3  
  64  15:32  Roach  
  72  15:36  Drone  
  72  15:39  Zergling x2  
  74  15:58  Zergling x10  
  79  16:07  Zergling x6  
  82  16:19  Drone x3  
  69  16:37  Spire  
  68  16:42  Extractor  
  68  16:44  Extractor  
  66  17:03  Overseer  
  66  17:16  Hydralisk x3  
  66  17:17  Hydralisk x3  
  61  17:40  Roach x6  
  61  17:41  Roach x2  
  73  17:49  Corruptor  
  75  17:55  Corruptor  
  77  18:05  Corruptor  
  79  18:13  Corruptor  
  81  18:21  Corruptor  
  83  18:30  Corruptor  
  85  18:45  Corruptor  
  85  18:46  Corruptor  
  87  19:05  Corruptor  
  83  19:13  Corruptor x2  
  83  19:14  Corruptor  
  89  19:24  Drone  
  89  19:25  Drone x2  
  76  19:54  Roach x8  
  76  19:59  Roach  
  88  20:13  Roach  
  76  20:21  Hydralisk x4  
  79  20:33  Zergling x8  
Tags
 
Add a new tag
Caveats
  • Supply blocks, unpowered buildings, or Contaminate may cause inaccurate times.
  • Supply counts are checked every 10 seconds.